[Event "FICS rated blitz game"]
[Site "FICS freechess.org"]
[FICSGamesDBGameNo "20002304"]
[White "nakita"]
[Black "Kianto"]
[WhiteElo "1591"]
[BlackElo "1532"]
[WhiteRD "na"]
[BlackRD "na"]
[TimeControl "300+2"]
[Date "1999.10.04"]
[Time "20:37:00"]
[WhiteClock "0:05:00.000"]
[BlackClock "0:05:00.000"]
[ECO "B30"]
[PlyCount "109"]
[Result "1-0"]

1. e4 c5 2. Nf3 Nc6 3. d3 e6 4. g3 Nf6 5. Bg2 d5 6. Nbd2 d4 7. O-O e5 8. h3 h6 9. Nc4 Nd7 10. a4 Nf6 11. Ncxe5 Nxe5 12. Nxe5 Bd6 13. Nc4 Bc7 14. Qf3 O-O 15. Bf4 Bd7 16. Bxc7 Qxc7 17. Qe2 a6 18. a5 Rfe8 19. Kh2 Be6 20. Nb6 Rad8 21. f4 Bc8 22. Rae1 Nd7 23. Nxd7 Bxd7 24. Ra1 Bc6 25. e5 Bxg2 26. Qxg2 c4 27. dxc4 Qxc4 28. Rf2 Qb5 29. Ra3 Qxb2 30. Rb3 Qa1 31. Rxb7 Qxa5 32. Qc6 Rc8 33. Qb6 Qxb6 34. Rxb6 Ra8 35. Rd6 Red8 36. Rd2 Rdc8 37. R6xd4 a5 38. Ra4 Rc3 39. Kg2 Kf8 40. Rd5 Rxc2+ 41. Kf3 Rc3+ 42. Kg4 h5+ 43. Kh4 Ke7 44. Rdxa5 Rxa5 45. Rxa5 g6 46. Ra6 Re3 47. g4 Re4 48. Rf6 hxg4 49. hxg4 Re1 50. Kg5 Re2 51. Ra6 Re1 52. Ra7+ Ke8 53. Kf6 Rf1 54. f5 gxf5 55. gxf5 {Black resigns} 1-0

[Event "FICS rated blitz game"]
[Site "FICS freechess.org"]
[FICSGamesDBGameNo "20002303"]
[White "crispee"]
[Black "franzone"]
[WhiteElo "1334"]
[BlackElo "1298"]
[WhiteRD "na"]
[BlackRD "na"]
[TimeControl "300+0"]
[Date "1999.10.04"]
[Time "17:26:00"]
[WhiteClock "0:05:00.000"]
[BlackClock "0:05:00.000"]
[ECO "B21"]
[PlyCount "61"]
[Result "1-0"]

1. e4 e6 2. f4 c5 3. Nf3 Nc6 4. d4 Nf6 5. e5 Nd5 6. Bc4 Nb6 7. Bb3 c4 8. Bxc4 Nxc4 9. c3 d5 10. b3 Nb6 11. O-O Be7 12. g4 Qc7 13. Kh1 Bd7 14. a4 a5 15. Na3 Bxa3 16. Bxa3 O-O-O 17. b4 Nc4 18. b5 Ne7 19. Nd2 Ne3 20. Qb3 Nxf1 21. Nxf1 Ng6 22. Bd6 Qb6 23. c4 Qxd4 24. cxd5 Nxf4 25. Rc1+ Bc6 26. dxc6 Qf2 27. cxb7+ Kxb7 28. Rc7+ Kb6 29. Qe3+ Qxe3 30. Nxe3 Rc8 31. Nc4# {Black checkmated} 1-0

[Event "FICS rated blitz game"]
[Site "FICS freechess.org"]
[FICSGamesDBGameNo "20002302"]
[White "Nietzs"]
[Black "hoodooman"]
[WhiteElo "1441"]
[BlackElo "1416"]
[WhiteRD "na"]
[BlackRD "na"]
[TimeControl "300+5"]
[Date "1999.10.04"]
[Time "17:00:00"]
[WhiteClock "0:05:00.000"]
[BlackClock "0:05:00.000"]
[ECO "C42"]
[PlyCount "57"]
[Result "1-0"]

1. e4 e5 2. Nf3 Nf6 3. Nc3 Bb4 4. Nxe5 d6 5. Nd3 Bxc3 6. dxc3 Nxe4 7. Be2 O-O 8. O-O Nc5 9. Bf3 Be6 10. Be3 Nbd7 11. Nxc5 Nxc5 12. Bxc5 dxc5 13. Bxb7 Rb8 14. Qf3 Qd2 15. Rac1 Qd6 16. b3 Qb6 17. Be4 Qa5 18. Ra1 Rbd8 19. c4 Rd2 20. Bd3 Qb6 21. Qe3 Rxd3 22. cxd3 Re8 23. Rfe1 Qc6 24. Qg3 Rd8 25. Re3 Rd4 26. Rae1 Rg4 27. Rxe6 Qxe6 28. Rxe6 Rxg3 29. Re8# {Black checkmated} 1-0

[Event "FICS rated blitz game"]
[Site "FICS freechess.org"]
[FICSGamesDBGameNo "20002300"]
[White "jmacnab"]
[Black "Kingo"]
[WhiteElo "1443"]
[BlackElo "1204"]
[WhiteRD "na"]
[BlackRD "na"]
[TimeControl "300+12"]
[Date "1999.10.04"]
[Time "15:41:00"]
[WhiteClock "0:05:00.000"]
[BlackClock "0:05:00.000"]
[ECO "C45"]
[PlyCount "41"]
[Result "1-0"]

1. e4 e5 2. d4 exd4 3. Nf3 Nc6 4. Nxd4 Nxd4 5. Qxd4 d6 6. Bc4 Be6 7. O-O Nf6 8. Bd3 Be7 9. Nc3 O-O 10. f4 h6 11. f5 Bd7 12. e5 dxe5 13. Qxe5 Bd6 14. Qe2 Bc6 15. Qe1 Qe7 16. Qh4 Nh7 17. f6 Nxf6 18. Bxh6 Nd5 19. Bg5 Nf6 20. Bxf6 gxf6 21. Qh7# {Black checkmated} 1-0

[Event "FICS rated blitz game"]
[Site "FICS freechess.org"]
[FICSGamesDBGameNo "20002299"]
[White "Asafs"]
[Black "Solon"]
[WhiteElo "1333"]
[BlackElo "1319"]
[WhiteRD "na"]
[BlackRD "na"]
[TimeControl "300+5"]
[Date "1999.10.04"]
[Time "15:38:00"]
[WhiteClock "0:05:00.000"]
[BlackClock "0:05:00.000"]
[ECO "C28"]
[PlyCount "72"]
[Result "0-1"]

1. e4 e5 2. Bc4 Nf6 3. d3 Nc6 4. Nc3 Bb4 5. Bd2 O-O 6. a3 Ba5 7. b4 Bb6 8. b5 Nd4 9. Nf3 a6 10. bxa6 bxa6 11. Nxe5 d6 12. Nc6 Nxc6 13. Nd5 Nxd5 14. Bxd5 Qf6 15. O-O Bb7 16. Be3 Bxe3 17. fxe3 Qe7 18. Qf3 Na5 19. Ba2 d5 20. Bxd5 Rae8 21. Ba2 Kh8 22. Rab1 f5 23. Qf4 fxe4 24. Qg3 exd3 25. Rxf8+ Qxf8 26. Qxc7 Qxa3 27. Bf7 d2 28. Bxe8 Qc1+ 29. Rxc1 dxc1=Q+ 30. Kf2 Qd2+ 31. Kg3 Qxe3+ 32. Kh4 Qxe8 33. Qxa5 Qe7+ 34. Kg3 Qe3+ 35. Kh4 Qf4+ 36. Kh5 g6# {White checkmated} 0-1

[Event "FICS rated blitz game"]
[Site "FICS freechess.org"]
[FICSGamesDBGameNo "20002297"]
[White "Hippo"]
[Black "schwaberl"]
[WhiteElo "1892"]
[BlackElo "1887"]
[WhiteRD "na"]
[BlackRD "na"]
[TimeControl "300+2"]
[Date "1999.10.04"]
[Time "15:37:00"]
[WhiteClock "0:05:00.000"]
[BlackClock "0:05:00.000"]
[ECO "A49"]
[PlyCount "75"]
[Result "1-0"]

1. Nf3 g6 2. d4 Nf6 3. g3 b6 4. Bg2 Bb7 5. O-O Bg7 6. c4 O-O 7. Nc3 Ne4 8. Bd2 c5 9. dxc5 Nxc3 10. Bxc3 Bxc3 11. bxc3 bxc5 12. Qd2 Kg7 13. Rab1 Bc6 14. Ne5 Bxg2 15. Kxg2 d6 16. Ng4 Qd7 17. Qh6+ Kg8 18. Ne3 Qc6+ 19. f3 Nd7 20. h4 Nb6 21. h5 d5 22. Rh1 dxc4 23. Rh4 Qf6 24. hxg6 Qg7 25. gxh7+ Kh8 26. Rbh1 Qxh6 27. Rxh6 Rad8 28. Kf2 Rd2 29. Rc6 Rxa2 30. Rxc5 Ra3 31. Rc7 Re8 32. Rh4 Rxc3 33. Rxa7 Nc8 34. Rc7 Nd6 35. Nd5 Nf5 36. Rf4 Kxh7 37. g4 Nd6 38. Nxc3 {Black resigns} 1-0

[Event "FICS rated blitz game"]
[Site "FICS freechess.org"]
[FICSGamesDBGameNo "20002296"]
[White "Enz"]
[Black "hpoli"]
[WhiteElo "1448"]
[BlackElo "1514"]
[WhiteRD "na"]
[BlackRD "na"]
[TimeControl "120+12"]
[Date "1999.10.04"]
[Time "15:35:00"]
[WhiteClock "0:02:00.000"]
[BlackClock "0:02:00.000"]
[ECO "E61"]
[PlyCount "78"]
[Result "0-1"]

1. Nf3 Nf6 2. c4 g6 3. d4 Bg7 4. Bf4 d6 5. Nc3 O-O 6. e3 Nbd7 7. Bd3 c5 8. d5 a6 9. a4 Nh5 10. Bg5 h6 11. Bh4 g5 12. Bg3 Nxg3 13. fxg3 Ne5 14. Nxe5 Bxe5 15. O-O e6 16. Qh5 Bg7 17. e4 e5 18. Nd1 Bd7 19. Ne3 Qc8 20. Nf5 Bxf5 21. Rxf5 f6 22. Raf1 Qe8 23. Qg4 h5 24. Qf3 g4 25. Qd1 Qg6 26. Be2 Rf7 27. Qd3 Raf8 28. h3 Bh6 29. hxg4 hxg4 30. Qd1 Be3+ 31. R1f2 Bxf2+ 32. Kxf2 Rh7 33. Bxg4 Kh8 34. Qf3 Rg7 35. Bh3 Rfg8 36. Rh5+ Rh7 37. Rxh7+ Qxh7 38. Qxf6+ Qg7 39. Qxg7+ Kxg7 {White resigns} 0-1

[Event "FICS rated blitz game"]
[Site "FICS freechess.org"]
[FICSGamesDBGameNo "20002295"]
[White "kilt"]
[Black "hpoli"]
[WhiteElo "1547"]
[BlackElo "1514"]
[WhiteRD "na"]
[BlackRD "na"]
[TimeControl "180+12"]
[Date "1999.10.04"]
[Time "15:02:00"]
[WhiteClock "0:03:00.000"]
[BlackClock "0:03:00.000"]
[ECO "B40"]
[PlyCount "34"]
[Result "0-1"]

1. e4 c5 2. Nf3 e6 3. d4 cxd4 4. Nxd4 Nf6 5. Nc3 Qb6 6. Be2 Bc5 7. Be3 Qxb2 8. Ncb5 Na6 9. Rb1 Qxa2 10. Ra1 Qb2 11. Rxa6 bxa6 12. Nc7+ Ke7 13. Nf5+ Kd8 14. Bxc5 Kxc7 15. Qd6+ Kd8 16. O-O Nxe4 17. Qe7+ Kc7 {White forfeits on time} 0-1

[Event "FICS rated lightning game"]
[Site "FICS freechess.org"]
[FICSGamesDBGameNo "20002294"]
[White "Handyman"]
[Black "wanderertom"]
[WhiteElo "1877"]
[BlackElo "1752"]
[WhiteRD "na"]
[BlackRD "na"]
[TimeControl "60+0"]
[Date "1999.10.04"]
[Time "13:44:00"]
[WhiteClock "0:01:00.000"]
[BlackClock "0:01:00.000"]
[ECO "B00"]
[PlyCount "83"]
[Result "1-0"]

1. e4 b6 2. d4 Bb7 3. f3 Nf6 4. Bd3 e6 5. Ne2 c5 6. c3 cxd4 7. cxd4 Be7 8. Nbc3 O-O 9. O-O Nc6 10. Be3 Nb4 11. Bb1 Rc8 12. a3 Nc6 13. d5 exd5 14. exd5 Ne5 15. Bf5 h6 16. Bd4 Nc4 17. b3 Nd6 18. Bc2 Nxd5 19. Nxd5 Bxd5 20. Bxg7 Bxf3 21. Rxf3 Kxg7 22. Rg3+ Kh8 23. Qd3 f5 24. Nf4 Ne4 25. Ng6+ Kh7 26. Nxf8+ Qxf8 27. Rh3 Bc5+ 28. Kf1 Nf2 29. Qxd7+ Qg7 30. Bxf5+ Kh8 31. Rxh6+ Kg8 32. Qxc8+ Kf7 33. Qd7+ Kf8 34. Qxg7+ Kxg7 35. Rg6+ Kf7 36. Rg3 Nd3 37. Rf3 Nf4 38. Bd3 Ke6 39. Rxf4 Kd6 40. Rf3 Kc7 41. Re3 Kb7 42. Re7+ {Black forfeits on time} 1-0

[Event "FICS rated blitz game"]
[Site "FICS freechess.org"]
[FICSGamesDBGameNo "20002293"]
[White "kongen"]
[Black "Creation"]
[WhiteElo "1652"]
[BlackElo "1564"]
[WhiteRD "na"]
[BlackRD "na"]
[TimeControl "120+3"]
[Date "1999.10.04"]
[Time "13:35:00"]
[WhiteClock "0:02:00.000"]
[BlackClock "0:02:00.000"]
[ECO "C00"]
[PlyCount "63"]
[Result "1-0"]

1. e4 e6 2. d4 c5 3. dxc5 Bxc5 4. c3 Nc6 5. b4 Qf6 6. bxc5 Nh6 7. Bxh6 gxh6 8. Nf3 b6 9. Qd2 bxc5 10. Bb5 Bb7 11. a4 a6 12. Bxc6 Bxc6 13. O-O Rg8 14. Qe3 d5 15. e5 Qf5 16. Qxc5 Qxf3 17. Qxc6+ Ke7 18. Qc7+ Ke8 19. g3 Rd8 20. Nd2 Qe2 21. Qc6+ Rd7 22. Rad1 Rg5 23. Nb3 Qc4 24. Nc5 Qxc5 25. Qxc5 Rxe5 26. c4 Re2 27. cxd5 exd5 28. Rxd5 Rxd5 29. Qxd5 Kf8 30. Qc5+ Kg8 31. Qc8+ Kg7 32. Rd1 {Black resigns} 1-0

[Event "FICS rated blitz game"]
[Site "FICS freechess.org"]
[FICSGamesDBGameNo "20002291"]
[White "sches"]
[Black "elhombre"]
[WhiteElo "1482"]
[BlackElo "1289"]
[WhiteRD "na"]
[BlackRD "na"]
[TimeControl "300+4"]
[Date "1999.10.04"]
[Time "13:33:00"]
[WhiteClock "0:05:00.000"]
[BlackClock "0:05:00.000"]
[ECO "B52"]
[PlyCount "47"]
[Result "1-0"]

1. e4 c5 2. Nf3 d6 3. Bb5+ Bd7 4. Bxd7+ Qxd7 5. d4 cxd4 6. Nxd4 Nc6 7. O-O g6 8. Nxc6 bxc6 9. Qd4 Nf6 10. Nc3 Bg7 11. Qc4 O-O 12. Re1 Rfc8 13. e5 dxe5 14. Rd1 Qf5 15. Be3 Ng4 16. Ne2 Nxe3 17. fxe3 e4 18. Rf1 Qd5 19. Qb4 Re8 20. Rf4 Rab8 21. Qa4 Rxb2 22. Raf1 Rxa2 23. Qb4 Rxc2 24. Ng3 {Black forfeits on time} 1-0

[Event "FICS rated blitz game"]
[Site "FICS freechess.org"]
[FICSGamesDBGameNo "20002289"]
[White "selarosa"]
[Black "pellevin"]
[WhiteElo "1336"]
[BlackElo "1201"]
[WhiteRD "na"]
[BlackRD "na"]
[TimeControl "180+0"]
[Date "1999.10.04"]
[Time "12:32:00"]
[WhiteClock "0:03:00.000"]
[BlackClock "0:03:00.000"]
[ECO "C02"]
[PlyCount "45"]
[Result "1-0"]

1. e4 e6 2. d4 d5 3. e5 c5 4. Nf3 Nc6 5. Bd3 Bd7 6. c3 f6 7. O-O c4 8. Bc2 Be7 9. Bf4 b5 10. exf6 Nxf6 11. Re1 O-O 12. Ne5 Nxe5 13. Bxe5 Bc6 14. Nd2 Bd6 15. Nf3 Bxe5 16. Nxe5 Qd6 17. Re3 Be8 18. Rh3 h6 19. Rg3 Bh5 20. Qd2 Ne4 21. Bxe4 dxe4 22. Qxh6 g6 23. Qxh5 {Black resigns} 1-0

[Event "FICS rated blitz game"]
[Site "FICS freechess.org"]
[FICSGamesDBGameNo "20002288"]
[White "Alyoshapavlovich"]
[Black "Heim"]
[WhiteElo "1366"]
[BlackElo "1330"]
[WhiteRD "na"]
[BlackRD "na"]
[TimeControl "300+0"]
[Date "1999.10.04"]
[Time "11:46:00"]
[WhiteClock "0:05:00.000"]
[BlackClock "0:05:00.000"]
[ECO "B10"]
[PlyCount "127"]
[Result "1-0"]

1. e4 c6 2. Nc3 d5 3. exd5 cxd5 4. Bb5+ Bd7 5. Qf3 Bxb5 6. Nxb5 e6 7. c4 Nf6 8. b3 Be7 9. Ne2 O-O 10. O-O a6 11. Nbc3 Nc6 12. cxd5 exd5 13. Nf4 d4 14. Ne4 Nxe4 15. Qxe4 Bf6 16. Re1 Re8 17. Qxe8+ Qxe8 18. Rxe8+ Rxe8 19. Kf1 h6 20. Nd5 Be5 21. Bb2 g5 22. Re1 f6 23. Nxf6+ Bxf6 24. Rxe8+ Kf7 25. Re4 h5 26. Ke2 h4 27. a3 b5 28. Kd3 a5 29. Bxd4 Bxd4 30. Rxd4 Nxd4 31. Kxd4 Ke6 32. Kc5 b4 33. axb4 axb4 34. Kxb4 Kd5 35. Kc3 Kc5 36. d4+ Kd5 37. b4 Kc6 38. Kc4 Kd6 39. b5 Kc7 40. Kc5 Kb7 41. d5 Kc7 42. d6+ Kd7 43. b6 Kc8 44. Kc6 Kd8 45. Kb7 Kd7 46. Kb8 Kxd6 47. Kc8 Kd5 48. b7 Kd4 49. b8=Q Ke4 50. Qb3 g4 51. Qe3+ Kf5 52. f3 gxf3 53. Qxf3+ Kg5 54. g3 hxg3 55. Qxg3+ Kf5 56. Kd7 Ke4 57. Qg4+ Kd5 58. Ke7 Kc5 59. Qe4 Kb6 60. Kd6 Kb5 61. Qd4 Ka5 62. Qb2 Ka4 63. Kc6 Ka5 64. Qb5# {Black checkmated} 1-0

[Event "FICS rated blitz game"]
[Site "FICS freechess.org"]
[FICSGamesDBGameNo "20002287"]
[White "urtus"]
[Black "Kingo"]
[WhiteElo "1024"]
[BlackElo "1213"]
[WhiteRD "na"]
[BlackRD "na"]
[TimeControl "300+12"]
[Date "1999.10.04"]
[Time "10:44:00"]
[WhiteClock "0:05:00.000"]
[BlackClock "0:05:00.000"]
[ECO "C44"]
[PlyCount "39"]
[Result "1-0"]

1. e4 e5 2. Nf3 Nc6 3. d3 d6 4. Nc3 Bg4 5. Be2 Nf6 6. O-O Be7 7. Be3 O-O 8. a3 Bh5 9. b4 Bxf3 10. Bxf3 Ng4 11. Bxg4 h6 12. d4 g6 13. d5 Kg7 14. dxc6 bxc6 15. f4 exf4 16. Bxf4 Bf6 17. Qe2 Bxc3 18. Rad1 Qe7 19. Qe3 g5 20. Qxc3+ {Black resigns} 1-0

[Event "FICS rated blitz game"]
[Site "FICS freechess.org"]
[FICSGamesDBGameNo "20002286"]
[White "Quixote"]
[Black "JRF"]
[WhiteElo "1651"]
[BlackElo "1606"]
[WhiteRD "na"]
[BlackRD "na"]
[TimeControl "180+0"]
[Date "1999.10.04"]
[Time "09:29:00"]
[WhiteClock "0:03:00.000"]
[BlackClock "0:03:00.000"]
[ECO "A45"]
[PlyCount "110"]
[Result "0-1"]

1. d4 Nf6 2. e3 g6 3. Bd3 Bg7 4. f4 d6 5. Nf3 O-O 6. O-O Bg4 7. c3 c6 8. Nbd2 Nbd7 9. h3 Bxf3 10. Nxf3 Nh5 11. Qe1 e5 12. g4 Nhf6 13. dxe5 dxe5 14. Nxe5 Nxe5 15. fxe5 Nd5 16. e4 Ne7 17. Qg3 Qc7 18. Bf4 Qb6+ 19. Kh1 Qxb2 20. Rad1 h6 21. Bc4 g5 22. Bc1 Qb6 23. Rf6 Bxf6 24. exf6 Ng6 25. e5 Qc5 26. Qd3 Nxe5 27. Bxf7+ Rxf7 28. Qf5 Qxc3 29. Bxg5 Qxh3+ 30. Kg1 Nf3+ 31. Kf2 Nxg5 32. Qg6+ Kf8 33. Qf5 Qf3+ 34. Qxf3 Nxf3 35. Kxf3 Rxf6+ 36. Kg3 Re8 37. g5 hxg5 38. Kg4 Re7 39. Kxg5 Rf2 40. Kg4 Rg7+ 41. Kh3 Rf6 42. Rd4 Rh6+ 43. Rh4 Rxh4+ 44. Kxh4 Kf7 45. Kh5 Kf6 46. Kh6 Rg1 47. Kh5 Rg2 48. Kh4 Kf5 49. Kh3 Rg7 50. Kh4 Rg8 51. Kh3 Kf4 52. Kh2 Kf3 53. a4 a5 54. Kh1 Kf2 55. Kh2 Rh8# {White checkmated} 0-1

[Event "FICS rated blitz game"]
[Site "FICS freechess.org"]
[FICSGamesDBGameNo "20002284"]
[White "NordLyset"]
[Black "matth"]
[WhiteElo "1574"]
[BlackElo "1555"]
[WhiteRD "na"]
[BlackRD "na"]
[TimeControl "300+0"]
[Date "1999.10.04"]
[Time "09:19:00"]
[WhiteClock "0:05:00.000"]
[BlackClock "0:05:00.000"]
[ECO "D35"]
[PlyCount "70"]
[Result "0-1"]

1. c4 e6 2. Nc3 d5 3. d4 Nf6 4. g3 Be7 5. Bg2 O-O 6. Bg5 Nbd7 7. cxd5 exd5 8. Bxf6 Nxf6 9. Nf3 c6 10. O-O Bf5 11. Qb3 Qc7 12. Rfe1 h6 13. Nh4 Bh7 14. e4 Nxe4 15. Nxe4 Bxh4 16. Nc5 Bf6 17. Rad1 b6 18. Nd3 Bxd4 19. Rc1 Rfe8 20. Rxe8+ Rxe8 21. Bxd5 Bxd3 22. Rxc6 Qd7 23. Qxd3 Qxd5 24. Kf1 Qxc6 25. Qxd4 Qc1+ 26. Kg2 Re1 27. Qd8+ Kh7 28. Qd3+ g6 29. Qf3 Rg1+ 30. Kh3 Qf1+ 31. Kh4 g5+ 32. Kg4 Qc4+ 33. Kh5 Qe6 34. Qd3+ f5 35. f4 Qg6# {White checkmated} 0-1

[Event "FICS rated lightning game"]
[Site "FICS freechess.org"]
[FICSGamesDBGameNo "20002283"]
[White "Pirata"]
[Black "joa"]
[WhiteElo "1788"]
[BlackElo "1839"]
[WhiteRD "na"]
[BlackRD "na"]
[TimeControl "60+0"]
[Date "1999.10.04"]
[Time "09:01:00"]
[WhiteClock "0:01:00.000"]
[BlackClock "0:01:00.000"]
[ECO "C44"]
[PlyCount "112"]
[Result "0-1"]

1. e4 e5 2. Nf3 Nc6 3. d4 Nf6 4. d5 Ne7 5. c4 Nxe4 6. Bd3 Nd6 7. O-O e4 8. c5 exf3 9. cxd6 cxd6 10. Qxf3 Ng6 11. Re1+ Be7 12. Bg5 f6 13. Bd2 O-O 14. Qg3 Qe8 15. Nc3 Ne5 16. Re2 Nxd3 17. Qxd3 Qg6 18. Qxg6 hxg6 19. Rxe7 b6 20. Rae1 a5 21. Nb5 Bb7 22. Be3 Bxd5 23. Rxd7 Rac8 24. Rxd6 Bf7 25. Rxb6 Rc2 26. Nd6 Be6 27. Rb1 Bf5 28. Rc1 Rxc1+ 29. Bxc1 Rd8 30. h3 Be6 31. Kh2 Kh7 32. Be3 Rd7 33. Ne4 Bf5 34. Re6 Rd5 35. Nc5 Rxc5 36. Bxc5 Bxe6 37. Bd4 Bxa2 38. Bc3 Bf7 39. Bxa5 Be6 40. b4 Kh6 41. f3 Kg5 42. b5 Bd5 43. b6 Kf5 44. Kg3 Bc6 45. Kf2 Ke6 46. Ke3 Bb7 47. Kd4 Kf7 48. Kc5 f5 49. f4 g5 50. g3 Kg6 51. fxg5 Kxg5 52. Kd6 Kg6 53. Kc7 Bf3 54. b7 Bxb7 55. Kxb7 Kg5 56. Bc7 f4 {White forfeits on time} 0-1

[Event "FICS rated blitz game"]
[Site "FICS freechess.org"]
[FICSGamesDBGameNo "20002282"]
[White "DreamingDolphin"]
[Black "Brakman"]
[WhiteElo "1748"]
[BlackElo "1890"]
[WhiteRD "na"]
[BlackRD "na"]
[TimeControl "180+0"]
[Date "1999.10.04"]
[Time "08:56:00"]
[WhiteClock "0:03:00.000"]
[BlackClock "0:03:00.000"]
[ECO "C54"]
[PlyCount "132"]
[Result "0-1"]

1. e4 e5 2. Nf3 Nc6 3. Bc4 Bc5 4. c3 Nf6 5. d3 Bb6 6. Nbd2 d6 7. Bb3 Be6 8. h3 Bxb3 9. axb3 O-O 10. Nf1 Nd7 11. Ng3 Ne7 12. Bg5 f6 13. Bd2 c6 14. O-O d5 15. Qe2 dxe4 16. dxe4 Qc7 17. Rfd1 Rad8 18. Be3 Nc5 19. b4 Ne6 20. c4 c5 21. bxc5 Bxc5 22. b3 a6 23. Rd2 Rxd2 24. Bxd2 Rd8 25. Rd1 Nc6 26. Bc3 Ncd4 27. Nxd4 Bxd4 28. Bb4 Qb6 29. Qe1 Nc5 30. Bxc5 Qxc5 31. Kh2 Rb8 32. Rd2 Bc3 33. Qd1 Bxd2 34. Qxd2 Qd4 35. Qxd4 exd4 36. Ne2 d3 37. Nc3 Rd8 38. Kg3 d2 39. Kf3 d1=Q+ 40. Nxd1 Rxd1 41. Ke2 Rb1 42. Kd3 Rxb3+ 43. Kd4 Rb1 44. Kc5 Rb2 45. Kd4 Kf7 46. Kc3 Rxf2 47. g4 Rh2 48. h4 Rh3+ 49. Kd4 Rxh4 50. g5 fxg5 51. Ke5 g4 52. Kf4 g3+ 53. Kxg3 Rxe4 54. Kf3 Rxc4 55. Ke3 b5 56. Kd3 g5 57. Kd2 g4 58. Ke3 g3 59. Kf3 Rc3+ 60. Kg2 Ra3 61. Kh3 h5 62. Kh4 Kf6 63. Kxh5 Kf5 64. Kh6 g2 65. Kg7 g1=Q+ 66. Kf7 Re3 {White forfeits on time} 0-1

[Event "FICS rated blitz game"]
[Site "FICS freechess.org"]
[FICSGamesDBGameNo "20002281"]
[White "ChessIdiot"]
[Black "Kajus"]
[WhiteElo "1174"]
[BlackElo "1258"]
[WhiteRD "na"]
[BlackRD "na"]
[TimeControl "120+7"]
[Date "1999.10.04"]
[Time "08:56:00"]
[WhiteClock "0:02:00.000"]
[BlackClock "0:02:00.000"]
[ECO "C22"]
[PlyCount "107"]
[Result "1-0"]

1. e4 e5 2. d4 exd4 3. Qxd4 Nc6 4. Qc4 d6 5. Nf3 Nf6 6. Ng5 Qe7 7. Be2 h6 8. Nf3 Be6 9. Qb5 O-O-O 10. Qa4 d5 11. Be3 dxe4 12. Nfd2 Ng4 13. Bb5 Nxe3 14. fxe3 Qb4 15. Qxb4 Bxb4 16. c3 Ba5 17. Bxc6 bxc6 18. O-O g5 19. Nxe4 f5 20. Nc5 Bb6 21. Nxe6 Bxe3+ 22. Kh1 Rd6 23. Nd4 c5 24. Nb5 Rd3 25. N1a3 Rhd8 26. Nxa7+ Kb7 27. N7b5 f4 28. g3 fxg3 29. hxg3 h5 30. Nc4 h4 31. Nxe3 Rxe3 32. gxh4 Rd2 33. Rab1 Rh3+ 34. Kg1 Rxh4 35. Rf7 Rg4+ 36. Kf1 Rf4+ 37. Rxf4 gxf4 38. b4 Kc6 39. Na3 cxb4 40. cxb4 Rxa2 41. b5+ Kb6 42. Nc4+ Kc5 43. Ne5 Ra3 44. Nd7+ Kd6 45. Rd1+ Ke7 46. Nb8 Rh3 47. Rd7+ Ke6 48. Rxc7 Ke5 49. Nc6+ Ke4 50. b6 Ke3 51. b7 f3 52. Re7+ Kd3 53. b8=Q Rh1+ 54. Kf2 {Black resigns} 1-0

[Event "FICS rated lightning game"]
[Site "FICS freechess.org"]
[FICSGamesDBGameNo "20002280"]
[White "PlaCCiD"]
[Black "haka"]
[WhiteElo "1476"]
[BlackElo "1525"]
[WhiteRD "na"]
[BlackRD "na"]
[TimeControl "120+0"]
[Date "1999.10.04"]
[Time "06:40:00"]
[WhiteClock "0:02:00.000"]
[BlackClock "0:02:00.000"]
[ECO "C54"]
[PlyCount "65"]
[Result "1-0"]

1. e4 e5 2. Nf3 Nc6 3. Bc4 Bc5 4. c3 Nf6 5. d4 exd4 6. cxd4 Bb4+ 7. Nc3 O-O 8. e5 Ne4 9. O-O Nxc3 10. bxc3 Bxc3 11. Rb1 d6 12. Qb3 Ba5 13. Ng5 dxe5 14. Nxf7 Nxd4 15. Nxd8+ Kh8 16. Nf7+ Rxf7 17. Bxf7 Nxb3 18. Bxb3 Bb6 19. Bb2 Bf5 20. Rbd1 Re8 21. Rfe1 e4 22. Kf1 c6 23. Bf7 Rf8 24. Bb3 Bg4 25. f3 exf3 26. gxf3 Bxf3 27. Re7 Bxd1+ 28. Ke1 Bxb3 29. Rxg7 Ba5+ 30. Ke2 Bc4+ 31. Ke3 Re8+ 32. Kf4 Bd2+ 33. Kg3 {Black forfeits on time} 1-0

[Event "FICS rated blitz game"]
[Site "FICS freechess.org"]
[FICSGamesDBGameNo "20002278"]
[White "argowin"]
[Black "Jozha"]
[WhiteElo "1508"]
[BlackElo "1586"]
[WhiteRD "na"]
[BlackRD "na"]
[TimeControl "180+0"]
[Date "1999.10.04"]
[Time "06:15:00"]
[WhiteClock "0:03:00.000"]
[BlackClock "0:03:00.000"]
[ECO "E91"]
[PlyCount "24"]
[Result "0-1"]

1. d4 Nf6 2. c4 g6 3. Nc3 Bg7 4. e4 O-O 5. Nf3 d6 6. Be2 c5 7. d5 e6 8. O-O exd5 9. exd5 Re8 10. Bg5 Bg4 11. h3 Bxf3 12. Bxf3 Nbd7 {White forfeits on time} 0-1

[Event "FICS rated blitz game"]
[Site "FICS freechess.org"]
[FICSGamesDBGameNo "20002277"]
[White "nanders"]
[Black "aks"]
[WhiteElo "1689"]
[BlackElo "1673"]
[WhiteRD "na"]
[BlackRD "na"]
[TimeControl "300+0"]
[Date "1999.10.04"]
[Time "05:34:00"]
[WhiteClock "0:05:00.000"]
[BlackClock "0:05:00.000"]
[ECO "D35"]
[PlyCount "99"]
[Result "1-0"]

1. d4 d5 2. c4 e6 3. Nc3 Nf6 4. Bg5 Nbd7 5. cxd5 exd5 6. e3 c6 7. Bd3 Be7 8. Nge2 O-O 9. O-O h6 10. Bh4 Re8 11. f3 Nf8 12. Qc2 Nh5 13. Bf2 Bg5 14. e4 Nf4 15. Nxf4 Bxf4 16. Rae1 Ne6 17. exd5 cxd5 18. Qb3 Nc7 19. Rxe8+ Qxe8 20. Nxd5 Nxd5 21. Qxd5 Be3 22. Qe4 Bxf2+ 23. Kxf2 Qxe4 24. fxe4 b6 25. Bc4 Kf8 26. Ke3 f6 27. e5 Ke7 28. exf6+ gxf6 29. d5 Bb7 30. d6+ Kxd6 31. Rxf6+ Ke5 32. Re6+ Kf5 33. g4+ Kxg4 34. Rxh6 Re8+ 35. Kd4 Re4+ 36. Kc3 Re3+ 37. Kb4 Be4 38. h4 Bf5 39. Kb5 Re5+ 40. Ka6 Ra5+ 41. Kb7 Be4+ 42. Kb8 b5 43. Be2+ Kf4 44. a3 Bf3 45. Rf6+ Kg3 46. Rxf3+ Kxh4 47. Rf5 Kg3 48. Rxb5 Rxb5+ 49. Bxb5 Kf4 50. Bc6 {Black forfeits on time} 1-0

[Event "FICS rated blitz game"]
[Site "FICS freechess.org"]
[FICSGamesDBGameNo "20002276"]
[White "accel"]
[Black "evo"]
[WhiteElo "1378"]
[BlackElo "1433"]
[WhiteRD "na"]
[BlackRD "na"]
[TimeControl "180+3"]
[Date "1999.10.04"]
[Time "04:12:00"]
[WhiteClock "0:03:00.000"]
[BlackClock "0:03:00.000"]
[ECO "A40"]
[PlyCount "95"]
[Result "1-0"]

1. d4 e6 2. e3 d5 3. Bd3 Nf6 4. Nd2 Be7 5. f4 O-O 6. Ngf3 Ne4 7. Nxe4 dxe4 8. Bxe4 f5 9. Bd3 Nc6 10. O-O g5 11. Ne5 gxf4 12. exf4 Bd6 13. c3 Nxe5 14. fxe5 Be7 15. Bh6 Rf7 16. Rf3 Bf8 17. Rg3+ Kh8 18. Bxf8 Qxf8 19. Qh5 Bd7 20. Qg5 Qe7 21. Qh6 Rg8 22. Rxg8+ Kxg8 23. Rf1 Rg7 24. Rf3 Rg6 25. Qh3 Bc6 26. Rg3 Qg7 27. Bc4 Qf7 28. Rxg6+ hxg6 29. b4 Be4 30. a4 c6 31. b5 cxb5 32. axb5 Kg7 33. Qh4 Qf8 34. Bxe6 Qe8 35. Qf6+ Kh6 36. Bf7 Qxf7 37. Qxf7 a6 38. bxa6 bxa6 39. e6 Bd5 40. Qf8+ Kg5 41. e7 Bc6 42. e8=Q Bxe8 43. Qxe8 a5 44. d5 a4 45. Qxa4 Kf6 46. d6 Ke6 47. d7 Ke5 48. d8=Q {Black resigns} 1-0